 Dungeon Crawl Stone Soup version 0.23.2-30-g0e89c35649 (webtiles) character file.

Game seed: 17336679724092592462

1519 lepoulpe303 the Covert (level 8, -7/40 HPs)
             Began as a Spriggan Enchanter on June 19, 2019.
             Was an Initiate of Gozag.
             Mangled by a two-headed ogre
             ... wielding a +0 giant spiked club
              (25 damage)
             ... on level 5 of the Dungeon on June 20, 2019.
             The game lasted 00:29:17 (8164 turns).

lepoulpe303 the Covert (Spriggan Enchanter)         Turns: 8164, Time: 00:29:17

Health: -7/40      AC:  3    Str:  4    XL:     8   Next: 54%
Magic:  9/15       EV: 22    Int: 27    God:    Gozag
Gold:   239        SH:  0    Dex: 16    Spells: 3/15 levels left

rFire    . . .     SeeInvis +   a - +7 captain's cutlass {speed, disarm}
rCold    . . .     Gourm    .   (shield restricted)
rNeg     . . .     Faith    .   v - +0 robe
rPois    .         Spirit   .   m - +0 hat
rElec    .         Reflect  .   r - +0 cloak
rCorr    .         Harm     .   (gloves unavailable)
MR       +....                  (boots unavailable)
Stlth    ++++......             (no amulet)
HPRegen  0.13/turn              d - +3 ring of intelligence
MPRegen  0.14/turn              u - +5 ring of intelligence

@: gold aura, very quick
A: very small, unfitting armour, see invisible, herbivore, speed 3, slow
metabolism 2
a: Potion Petition, Call Merchant, Bribe Branch, Renounce Religion


You were on level 5 of the Dungeon.
You worshipped Gozag.
Gozag was aware of your devotion.
You were not hungry.

You visited 2 branches of the dungeon, and saw 7 of its levels.

You collected 310 gold pieces.
You paid 71 gold pieces to Gozag.

Inventory:

Hand Weapons
 a - the +7 captain's cutlass (weapon) {speed, disarm}
   (You found it on level 4 of the Dungeon)

   Attacks with this weapon are significantly faster.
 b - a +1 dagger
Missiles
 k - 5 tomahawks
 t - a throwing net {=f}
 Q - 375 stones (quivered)
Armour
 m - a +0 hat (worn)
 r - a +0 cloak (worn)
 v - a +0 robe (worn)
Jewellery
 d - a +3 ring of intelligence (left hand)
 u - a +5 ring of intelligence (right hand)
 I - an uncursed ring of protection from cold
Wands
 x - a wand of acid (13)
Scrolls
 c - 3 scrolls of teleportation {unknown}
 g - a scroll of magic mapping {unknown}
 i - 5 scrolls of identify
 q - 2 scrolls of enchant weapon {unknown}
 s - 2 scrolls of enchant armour {unknown}
 w - a scroll of remove curse
 y - 2 scrolls of fog {unknown}
Potions
 f - 2 potions of invisibility {unknown}
 h - 2 potions of haste {unknown}
 j - 2 potions of might {unknown}
 l - 2 potions of brilliance {unknown}
 n - 2 potions of ambrosia {unknown}
 o - a potion of cancellation {unknown}
 p - 3 potions of degeneration {unknown}
 z - a potion of lignification {unknown}
 A - 3 potions of curing {unknown}
 B - a potion of mutation {unknown}
Comestibles
 e - 4 rations


   Skills:
 - Level 3.1 Fighting
 - Level 5.0 Short Blades
 + Level 6.5 Dodging
 - Level 8.0 Stealth
 - Level 4.0 Spellcasting
 - Level 8.0 Hexes


You had 3 spell levels left.
You knew the following spells:

 Your Spells              Type           Power        Failure   Level  Hunger
a - Ensorcelled Hibernat  Hex/Ice        ####..       2%          2    None
b - Tukima's Dance        Hex            #####...     1%          3    ##.....
c - Confuse               Hex            #####...     1%          3    ##.....
d - Dazzling Spray        Conj/Hex       ####..       4%          3    ##.....
v - Corona                Hex            #####..      1%          1    None

Your spell library contained the following spells:

 Spells                   Type           Power        Failure   Level  Hunger


Dungeon Overview and Level Annotations

Branches:
Dungeon (6/15)             Temple (1/1) D:5

Altars:
Dithmenos
Elyvilon
Fedhas
Gozag
Hepliaklqana
Kikubaaqudgha
Makhleb
Nemelex Xobeh
Okawaru
Qazlal
Ru
Sif Muna
Trog
Uskayaw
Vehumet
Xom
Yredelemnul
Zin
The Shining One

Shops:
D:5 (


Innate Abilities, Weirdness & Mutations

You are very small and have problems with some larger weapons.
You are too small for most types of armour.
You have supernaturally acute eyesight. (SInv)
You are a herbivore.
You cover ground extremely quickly.
You need to consume almost no food.


Message History

You shout for attention!
What are your orders? t - Shout!
Orders for allies: a - Attack new target. r - Retreat! s - Stop attacking. g - Guard the area. f - Follow me.
Anything else - Cancel.
You shout for attention!
You hear two shouts!
Aim: a two-headed ogre, wielding a +0 giant spiked club and a +0 giant club (chance to defeat MR: 54%)
The two-headed ogre resists with significant effort.
You now have 12/15 mp.
Aim: a two-headed ogre, wielding a +0 giant spiked club and a +0 giant club (chance to defeat MR: 54%)
The two-headed ogre appears confused.
You now have 9/15 mp.
The two-headed ogre hits you with a +0 giant spiked club!!
* * * LOW HITPOINT WARNING * * *
The two-headed ogre hits you with a +0 giant club!!
Ouch! That really hurt!
You die...
Your body crumbles into a pile of gold.

.###.#.#(#.#.###..#
###...##.###.
.###...#.#...###..#
#.#..#..#...
....###...###.....#
###.#.#.....#
..#.#.#.#.#.#.#...#
#.#...#.##.##
....##.#.#.##.....#
#..#..#.##.#
.###..#.#.#..###..#
#..#..#.#..#
.#(..#.#.#.#...#..#
#.....###.###
.###..#.#.#..###O.#
##.##.#......
....##.#.#.##...@.#
###...###....
..#.#.#.#.#.#.#..##
#.#...# #####
....###...###....#
##....#######
.###...#.#...###.#
#.#.#.#......
.###.#.#.#.#.###.#
##..#.#......
..##...###...##..#
#..#..#......
#...............##
##....#......
####............#
##.#..#......
##############
#.##..####'##


You could see a two-headed ogre (confused).

Levels and vault maps discovered:
D:1:      dpeg_arrival_three_same_balls, layout_loops_ring,
          minmay_misc_feat_tower
D:2:      layout_basic, uniq_terence, uniq_sigmund
D:3:      layout_basic, serial_forest, infiniplex_forest_straight_3,
          infiniplex_forest_clump_large, infiniplex_forest_lined_room_,
          infiniplex_forest_lined_1, infiniplex_forest_fountain,
          infiniplex_forest_straight_2, infiniplex_forest_clump_small,
          dk_yredelemnul_ordeal
D:4:      layout_basic, grunt_temple_overflow_forces_of_nature,
          overflow_temple_1_default, grunt_temple_overflow_open, first_ration,
          fedhas_altar_3, uniq_grinder, uniq_ijyb
D:5:      layout_basic, minmay_temple_entry_glass, serial_shops,
          kennysheep_mini, minmay_misc_feat_rugged, minmay_starry_boxes
D:6:      layout_loops_cross, kennysheep_little_box
Temple:   eino_wide_crystal_templ

Notes
Turn   | Place    | Note
-------+----------+-------------------------------------------
     0 | D:1      | lepoulpe303 the Spriggan Enchanter began the quest for the
                  | Orb.
     0 | D:1      | Reached XP level 1. HP: 9/9 MP: 5/5
    64 | D:1      | Identified a +0 dagger
    81 | D:1      | Identified a +0 club
   135 | D:1      | Identified a +1 dagger
   170 | D:1      | Identified a +0 dagger
   194 | D:1      | Reached skill level 5 in Stealth
   194 | D:1      | Reached XP level 2. HP: 11/13 MP: 6/6
   201 | D:1      | Learned a level 2 spell: Ensorcelled Hibernation
   389 | D:1      | Reached skill level 2 in Short Blades
   609 | D:1      | Identified a +0 dagger
   660 | D:1      | Identified a +0 whip
  1094 | D:2      | Identified a +0 club
  1219 | D:2      | Reached XP level 3. HP: 16/16 MP: 5/8
  1224 | D:2      | Learned a level 3 spell: Confuse
  1267 | D:2      | Identified a +0 hat (You found it on level 2 of the
                  | Dungeon)
  1665 | D:2      | Reached skill level 6 in Stealth
  1674 | D:2      | Reached skill level 3 in Short Blades
  1861 | D:2      | HP: 4/16 [jackal (1)]
  1873 | D:2      | HP: 3/16 [bat (1)]
  1943 | D:2      | HP: 4/16 [jackal (1)]
  2430 | D:2      | Reached XP level 4. HP: 21/21 MP: 6/9
  2607 | D:2      | Identified a +0 scythe
  2607 | D:2      | Identified a cursed +0 robe
  2607 | D:2      | Noticed Sigmund
  2610 | D:2      | Identified a cursed -3 short sword
  2610 | D:2      | Identified a +0 scale mail
  2610 | D:2      | Noticed Terence
  2794 | D:2      | Killed Terence
  2845 | D:2      | Killed Sigmund
  2845 | D:2      | Reached skill level 4 in Short Blades
  2845 | D:2      | Reached skill level 8 in Stealth
  2845 | D:2      | Reached XP level 5. HP: 24/24 MP: 6/10
  2845 | D:2      | Reached XP level 6. HP: 28/28 MP: 6/11
  2850 | D:2      | Learned a level 3 spell: Tukima's Dance
  3148 | D:2      | Identified a +0 cloak (You found it on level 2 of the
                  | Dungeon)
  3196 | D:3      | Identified a +0 whip
  3227 | D:3      | Identified a cursed -2 club
  3277 | D:3      | Identified a +0 club
  3300 | D:3      | Found a runed translucent door.
  3300 | D:3      | Noticed a human
  3311 | D:3      | Found a basalt altar of Yredelemnul.
  3482 | D:3      | Identified a +0 club
  3489 | D:3      | Identified a +0 club
  3527 | D:3      | Reached skill level 5 in Short Blades
  3667 | D:3      | Identified a +0 dagger
  3668 | D:3      | Identified a +0 short sword
  3742 | D:3      | Identified a +0 club
  3794 | D:3      | Identified a +0 dagger
  3794 | D:3      | Identified a +0 robe
  3814 | D:3      | Identified a +0 hand axe
  3814 | D:3      | Identified a +0 leather armour
  3814 | D:3      | Identified a +0 whip
  3814 | D:3      | Identified a +0 leather armour
  3814 | D:3      | Identified a cursed -2 club
  3814 | D:3      | Identified a +0 scale mail
  3814 | D:3      | Identified a +0 dagger
  3870 | D:3      | Reached skill level 3 in Spellcasting
  4084 | D:3      | Reached skill level 4 in Hexes
  4199 | D:3      | Identified a +0 dagger
  4199 | D:3      | Identified a +0 robe
  4201 | D:3      | Identified a +0 dagger
  4201 | D:3      | Identified a cursed +0 robe
  4204 | D:3      | Identified a +0 flail
  4204 | D:3      | Identified a +0 leather armour
  4206 | D:3      | Identified a +0 dagger
  4206 | D:3      | Identified a +0 robe
  4209 | D:3      | Identified a +0 dagger
  4209 | D:3      | Identified a +0 robe
  4242 | D:3      | Reached skill level 4 in Spellcasting
  4631 | D:4      | Reached skill level 5 in Hexes
  4667 | D:4      | Reached XP level 7. HP: 32/32 MP: 11/14
  4677 | D:4      | Identified a +0 hand axe
  4944 | D:4      | Found an ancient bone altar of Kikubaaqudgha.
  4944 | D:4      | Found a deep blue altar of Sif Muna.
  4944 | D:4      | Identified a +0 whip
  4951 | D:4      | Identified a +0 club
  4951 | D:4      | Identified a +2 ring mail of fire resistance
  4967 | D:4      | Identified a +0 dagger
  4969 | D:4      | Found a burning altar of Makhleb.
  4969 | D:4      | Identified a +0 dagger
  4969 | D:4      | Identified a +1 leather armour of positive energy
  4969 | D:4      | Noticed Ijyb
  5090 | D:4      | Found a shimmering altar of Xom.
  5090 | D:4      | Found a radiant altar of Vehumet.
  5123 | D:4      | Killed Ijyb
  5123 | D:4      | Reached skill level 6 in Hexes
  5132 | D:4      | Identified a +0 trident
  5132 | D:4      | Identified a +0 leather armour
  5146 | D:4      | Found an iron altar of Okawaru.
  5275 | D:4      | Identified a cursed -3 hand axe
  5275 | D:4      | Identified a +0 ring mail
  5688 | D:4      | Found a stormy altar of Qazlal.
  5688 | D:4      | Found a blossoming altar of Fedhas.
  5710 | D:4      | Noticed Grinder
  5791 | D:4      | Killed Grinder
  5791 | D:4      | Reached skill level 7 in Hexes
  6000 | D:4      | Found a blossoming altar of Fedhas.
  6136 | D:4      | Found the +7 captain's cutlass {speed, disarm}
  6456 | D:5      | Entered Level 5 of the Dungeon
  6456 | D:5      | Identified a +0 dagger
  6456 | D:5      | Identified a +0 ring mail
  6512 | D:5      | Identified a +0 club
  6529 | D:5      | Identified 5 scrolls of identify
  6529 | D:5      | Identified an amulet of harm (You found it on level 3 of
                  | the Dungeon)
  6536 | D:5      | Reached skill level 8 in Hexes
  6704 | D:5      | Learned a level 3 spell: Dazzling Spray
  6704 | D:5      | Identified an amulet of the gourmand (You found it on level
                  | 1 of the Dungeon)
  6707 | D:5      | Identified 3 scrolls of remove curse
  6708 | D:5      | Identified a ring of teleportation (You found it on level 3
                  | of the Dungeon)
  6747 | D:5      | Identified a +0 shortbow
  6759 | D:5      | Reached XP level 8. HP: 23/37 MP: 13/15
  6763 | D:5      | Reached skill level 1 in Fighting
  6763 | D:5      | Reached skill level 4 in Dodging
  7027 | D:5      | Identified a ring of intelligence (You found it on level 5
                  | of the Dungeon)
  7028 | D:5      | Identified a ring of protection from cold (You found it on
                  | level 5 of the Dungeon)
  7119 | D:5      | Found Mekhatzo's Weapon Boutique.
  7218 | D:5      | Found a staircase to the Ecumenical Temple.
  7227 | Temple   | Entered the Ecumenical Temple
  7270 | Temple   | Became a worshipper of Gozag Ym Sagoz the Greedy
  7361 | D:5      | Reached skill level 2 in Fighting
  7361 | D:5      | Reached skill level 5 in Dodging
  7420 | D:5      | Identified a +0 club
  7421 | D:5      | Identified a +0 club
  7713 | D:6      | Identified a +0 club
  7721 | D:6      | Identified a +0 giant club
  7722 | D:6      | Identified a +0 dagger
  7722 | D:6      | Identified a +0 robe
  7729 | D:6      | Reached skill level 6 in Dodging
  7731 | D:6      | Identified a +0 hand axe of chopping
  7731 | D:6      | Identified a +0 mace
  7733 | D:6      | Identified a +0 giant spiked club
  7733 | D:6      | Identified a +0 giant club
  7733 | D:6      | Noticed a two-headed ogre
  8123 | D:5      | Reached skill level 3 in Fighting
  8164 | D:5      | Mangled by a two-headed ogre

Table legend:
 A = Turns spent in this place as a percentage of turns spent in the entire game.
 B = Non-inter-level travel turns spent in this place as a percentage of non-inter-level travel turns spent in the entire game.
 C = Inter-level travel turns spent in this place as a percentage of turns spent in this place.
 D = Turns resting spent in this place as a percentage of non-inter-level travel turns spent in this place.
 E = Turns spent auto-exploring this place as a percentage of non-inter-level travel turns spent in this place.
 F = Non-inter-level travel turns spent in this place divided by the number of levels of this place that you've seen.
                   A       B       C       D       E      F
               +-------+-------+-------+-------+-------+----------------------
         Total | 100.0 | 100.0 |   4.3 |  32.9 |  40.3 | 1116.3
       Dungeon |  99.4 |  99.4 |   4.2 |  33.1 |  40.0 | 1294.8
        Temple |   0.6 |   0.6 |  11.8 |   0.0 |  86.7 |  45.0
               +-------+-------+-------+-------+-------+----------------------

Table legend:
 A = Kills in this place as a percentage of kills in entire the game.
 B = Kills by you in this place as a percentage of kills by you in the entire game.
 C = Kills by friends in this place as a percentage of kills by friends in the entire game.
 D = Other kills in this place as a percentage of other kills in the entire game.
 E = Experience gained in this place as a percentage of experience gained in the entire game.
 F = Experience gained in this place divided by the number of levels of this place that you have seen.
                   A       B       C       D       E      F
               +-------+-------+-------+-------+-------+----------------------
         Total | 100.0 | 100.0 |   N/A |   N/A | 100.0 | 310.1
       Dungeon | 100.0 | 100.0 |   N/A |   N/A | 100.0 | 361.8
               +-------+-------+-------+-------+-------+----------------------

Skill      XL: |  1  2  3  4  5  6  7  8 |
---------------+-------------------------+-----
Stealth        | 5 6 8 |  8.0
Short Blades   | 2 3 4 5 |  5.0
Spellcasting   | 4 |  4.0
Hexes          | 5 8 |  8.0
Fighting       | 3 |  3.1
Dodging        | 6 |  6.5

Action                   |  1- 3 |  4- 6 |  7- 9 || total
-------------------------+-------+-------+-------++-------
Melee: Dagger            |   185 |   258 |   161 ||   604
       Short sword       |       |       |    69 ||    69
       Cutlass           |       |       |    78 ||    78
Throw: Stone             |       |       |     5 ||     5
 Cast: Ensorcelled Hiber |     4 |    10 |    11 ||    25
       Confuse           |     1 |    13 |     8 ||    22
  Use: Scroll            |       |       |     4 ||     4
 Stab: Sleeping          |    10 |     9 |    10 ||    29
       Distracted        |     2 |       |       ||     2
       Confused          |     1 |    11 |     6 ||    18
  Eat: Ration            |       |     2 |     3 ||     5
Armor: Robe              |    18 |    15 |    21 ||    54
Dodge: Dodged            |   129 |   148 |   206 ||   483

Vanquished Creatures
  Grinder (D:4)
  Sigmund (D:2)
  A wyvern (D:6)
  An ice beast (D:5)
  A phantom (D:4)
  An ogre (D:5)
  A centaur (D:5)
  2 crimson imps (D:5)
  A bullfrog zombie (D:5)
  A bullfrog skeleton (D:5)
  An orc priest (D:3)
  Ijyb (D:4)
  Terence (D:2)
  5 orc wizards (D:3)
  A worker ant (D:4)
  13 adders
  3 gnolls (D:5)
  A shadow imp (D:5)
  2 oozes
  An adder skeleton (D:4)
  3 worms
  4 dart slugs
  A leopard gecko (D:3)
  18 orcs
  6 bats
  5 giant cockroaches
  6 goblins
  7 hobgoblins
  16 jackals
  2 quokkas
  A ball python (D:4)
  A ball python zombie (D:5)
  4 frilled lizards
  8 kobolds
  A quokka zombie (D:4)
  8 rats
131 creatures vanquished.

Vanquished Creatures (others)
  2 fungi (D:4)
2 creatures vanquished.

Grand Total: 133 creatures vanquished
